 Dungeon Crawl Stone Soup version 0.30-a0-377-g5cb311bc9f (webtiles) character file.

Game seed: 9712171689458116495

15 qeuew the Trooper (level 2, -2/24 HPs)
             Began as a Demonspawn Chaos Knight on Nov 28, 2022.
             Was a Plaything of Xom.
             Frozen to death by an endoplasm (5 damage)
             ... on level 1 of the Dungeon.
             The game lasted 00:00:18 (28 turns).

qeuew the Trooper (Demonspawn Chaos Knight)           Turns: 28, Time: 00:00:19

Health: -2/24      AC:  5    Str: 12    XL:     2   Next: 34%
Magic:  2/2        EV: 11    Int: 13    God:    Xom [..*...]
Gold:   0          SH:  0    Dex: 12    Spells: 1/1 levels left

rFire   . . .      SeeInvis .    a - +0 hand axe (chaos)
rCold   . . .      Faith    .    (no shield)
rNeg    . . .      Spirit   .    b - +2 leather armour
rPois   .          Reflect  .    (no helmet)
rElec   .          Harm     .    (no cloak)
rCorr   .          Rampage  .    (no gloves)
Will    .....                    (no boots)
Stlth   +.........               (no amulet)
HPRegen 0.24/turn                (no ring)
MPRegen 0.16/turn                (no ring)

@: no status effects
A: magic regeneration
a: Renounce Religion


You were on level 1 of the Dungeon.
You worshipped Xom.
You were a toy of Xom.
You visited 1 branch of the dungeon, and saw 1 of its levels.

Inventory:

Hand Weapons
 a - a +0 hand axe of chaos (weapon)
Armour
 b - a +2 leather armour (worn)
Scrolls
 d - a scroll of identify {unknown}
Miscellaneous
 c - a piece from Xom's chessboard (15/15) (quivered)


   Skills:
 + Level 3.1 Fighting
 + Level 2.8 Axes
 + Level 2.0 Armour
 + Level 1.2 Dodging
 + Level 0.6 Evocations


You had one spell level left.
You didn't know any spells.
Your spell library was empty.

Dungeon Overview and Level Annotations

Branches:
Dungeon (1/15)

Altars:


Innate Abilities, Weirdness & Mutations

You regenerate magic rapidly.


Message History

* * * LOW HITPOINT WARNING * * *
The kobold barely misses you. The goblin hits you but does no damage.
The rat bites you.
* * * LOW HITPOINT WARNING * * *
The endoplasm hits your butterfly.
Your butterfly dies!
Your butterfly disappears in a puff of smoke!
You hit the rat.
You kill the rat!
You miss the bat. You hit the hobgoblin.
The hobgoblin seems to grow stronger.
Xom is highly amused!
You hit the goblin. You hit the kobold.
The kobold suddenly stops moving!
The kobold is no longer paralysed.
The bat closely misses you. The bat misses your butterfly.
The bat hits you but does no damage. The kobold hits you but does no damage.
The goblin barely misses you. The hobgoblin barely misses you.
You barely miss the bat.
The bat is severely wounded.
You barely miss the hobgoblin. You hit the goblin. You freeze the goblin.
You kill the goblin!
You barely miss the kobold. The bat hits you but does no damage.
The bat closely misses your butterfly. The kobold hits you with a +0 dagger.
* * * LOW HITPOINT WARNING * * *
The hobgoblin barely misses you.
You barely miss the kobold.
The kobold is moderately wounded.
You hit the endoplasm. You freeze the endoplasm.
You completely miss the hobgoblin. The bat hits you but does no damage.
The kobold hits you with a +0 dagger.
* * * LOW HITPOINT WARNING * * *
The hobgoblin barely misses you. The endoplasm closely misses you.
You closely miss the kobold.
The kobold is moderately wounded.
You hit the endoplasm. You hit the hobgoblin but do no damage.
The bat completely misses you. The kobold hits you with a +0 dagger.
* * * LOW HITPOINT WARNING * * *
The hobgoblin barely misses you. The endoplasm freezes you.
You are frozen.
You die...

.... . ......... ..
..#...... ... ##........
..#####.........
....#..........
#...b........
############..†.b.......
..'...........))@J......
<.###########...Kg......
..# #......b.... +##
##....b..... ##.........
##......#. #.####.# #..
.#


You could see an endoplasm, a hobgoblin (strong), a bat and a kobold.

Vanquished Creatures
  A gnoll (D:1)
  A dart slug (D:1)
  A goblin (D:1)
  2 rats (D:1)
5 creatures vanquished.

Notes
Turn   | Place    | Note
-------+----------+-------------------------------------------
     0 | D:1      | qeuew the Demonspawn Chaos Knight began the quest for the
                  | Orb.
     0 | D:1      | Reached XP level 1. HP: 18/18 MP: 1/1
    15 | D:1      | XOM: silly message
    15 | D:1      | XOM: butterfly on damage
    18 | D:1      | Reached skill level 1 in Dodging
    20 | D:1      | Gained mutation: You regenerate magic rapidly. [demonic
                  | ancestry]
    20 | D:1      | Reached XP level 2. HP: 9/24 MP: 2/2
    28 | D:1      | Frozen to death by an endoplasm

Illustrated notes

Levels and vault maps discovered:
D:1:      dpeg_arrival_simpleton_b, layout_rooms, serial_shops,
          nicolae_diamond_shop, minmay_tetromino_i4

Skill      XL: |  1 |
---------------+----+-----
Dodging        | 1 |  1.2
Armour         | 2 |  2.0
Fighting       | |  3.1
Axes           | |  2.8
Evocations     | |  0.6

Action                   || total
-------------------------++-------
Melee: Hand axe          ||    10
Armor: Leather armour    ||     8
Dodge: Dodged            ||    15

Table legend: (Time is in decaauts)
 A = Elapsed time spent in this place.
 B = Non-inter-level travel time spent in this place.
 C = Inter-level travel time spent in this place.
 D = Time resting spent in this place.
 E = Time spent auto-exploring this place.
 F = Levels seen in this place.
 G = Mean time per level.
                   A        B        C        D        E       F      G
               +--------+--------+--------+--------+--------+-----+--------+
         Total |     29 |     29 |      0 |      0 |      8 |   1 |   29.0 |
       Dungeon |     29 |     29 |      0 |      0 |      8 |   1 |   29.0 |
               +--------+--------+--------+--------+--------+-----+--------+

Top non-repeatable levels by time:
     D:1: 29 daAuts
